 Dungeon Crawl Stone Soup version 0.30-a0-600-gb7c8574cbb (webtiles) character file.

Game seed: 5556803239625029919

199 BlackLaughter the Trooper (level 5, 0/33 HPs)
             Began as a Gargoyle Fighter on Jan 7, 2023.
             Slain by an orc
             ... wielding a +0 club
              (1 damage)
             ... on level 2 of the Dungeon.
             The game lasted 00:07:11 (1343 turns).

BlackLaughter the Trooper (Gargoyle Fighter)        Turns: 1343, Time: 00:07:11

Health: 0/33       AC: 11    Str: 19    XL:     5   Next: 77%
Magic:  5/5        EV:  9    Int:  9    God:
Gold:   86         SH:  4    Dex: 11    Spells: 4/4 levels left

rFire   . . .      SeeInvis .    h - +0 mace
rCold   . . .      Faith    .    c - +0 buckler
rNeg    + . .      Spirit   .    b - +0 scale mail
rPois   ∞          Reflect  .    (no helmet)
rElec   +          Harm     .    (no cloak)
rCorr   .          Rampage  .    (no gloves)
Will    +....                    (no boots) Stlth
                                 (no amulet)
HPRegen 0.25/turn                i - ring of willpower
MPRegen 0.09/turn                l - ring of poison resistance

@: no status effects
A: sickness immunity, AC +4, negative energy resistance 1, electricity
resistance, torment resistance 1, petrification resistance
a: no special abilities


You were on level 2 of the Dungeon.
You visited 1 branch of the dungeon, and saw 3 of its levels.

You collected 86 gold pieces.

Inventory:

Hand Weapons
 a - a +0 flail
 h - a +0 mace (weapon)
Armour
 b - a +0 scale mail (worn)
 c - a +0 buckler (worn)
Jewellery
 i - a ring of willpower (left hand)
 l - a ring of poison resistance (right hand)
Potions
 d - 2 potions of might
 g - a potion of flight
 k - a potion of curing {unknown}


   Skills:
 + Level 4.2 Fighting
 + Level 3.9 Maces & Flails
 + Level 4.0 Armour
 + Level 1.1 Dodging
 + Level 4.0 Shields


You had 4 spell levels left.
You didn't know any spells.
Your spell library contained the following spells:

 Spells                   Type           Power      Damage    Failure   Level
 Apportation              Tloc           0%         N/A       83%         1
 Necrotise                Necr           0%         1d4       83%         1
 Summon Small Mammal      Summ           0%         N/A       83%         1


Dungeon Overview and Level Annotations

Branches:
Dungeon (3/15)

Altars:

Annotations:
D:2 Grinder


Innate Abilities, Weirdness & Mutations

You are immune to sickness and miasma.
Your stone body is resilient. (AC +4)
You are immune to poison.
You resist negative energy. (rN+)
You are resistant to electric shocks. (rElec)
You are resistant to unholy torment.
You are immune to petrification.


Message History

There is a stone staircase leading down here.
You hit the orc priest but do no damage.
The orc barely misses you.
The orc priest hits you but does no damage.
Grinder barely misses you.
You barely miss the orc priest. The orc hits you but does no damage.
The orc priest hits you but does no damage.
Grinder closely misses you. The orc closely misses you.
The orc priest calls down the wrath of Beogh upon you.
Beogh smites you! You block Grinder's attack.
You hit Grinder but do no damage. The orc hits you but does no damage.
The orc priest begins to cast a cantrip, but forgets the words!
Grinder misses you.
You hit Grinder but do no damage. The orc hits you with a +0 club.
The orc priest completely misses you. Grinder closely misses you.
You closely miss Grinder. The orc hits you but does no damage.
The orc priest barely misses you. You block Grinder's attack.
You hit Grinder.
Grinder is lightly wounded.
You block the orc's attack. You block the orc priest's attack.
Grinder hits you.
You hit Grinder but do no damage.
Grinder is lightly wounded.
The orc hits you with a +0 club.
The orc priest hits you but does no damage.
Grinder blinks!
The orc hits you with a +0 club.
The orc priest hits you with a +0 short sword of venom.
* * * LOW HITPOINT WARNING * * *
Grinder blinks!
The orc attacks as you move away! The orc barely misses you. Grinder hits you.
* * * LOW HITPOINT WARNING * * *
You hit Grinder.
Grinder is moderately wounded.
The orc closely misses you. Grinder hits you.
* * * LOW HITPOINT WARNING * * *
You closely miss Grinder.
Grinder is moderately wounded.
The orc hits you with a +0 club.
You die...

.#....).....# ###'######..####
.#.###...#### ###≈≈.≈≈#....###..
...####..### ###.#≈.#.≈#.....÷...
.#.##...(..###...'.#♣#†'.######..
.#..#.####.....###≈.#.≈### #..
......#####..##..#≈≈.≈≈# #.#
#.).....###.....####+### ######.#
................####[#####......#
.###...######..5@oo>............#
.# #.....###...##########.......#
## #.#.......#.....### #.......#
#.###.....#####...# ##......#
####[#.........#####.## #......#
.........##..#....##..# ########
.>.......##...###.....#
.....<...###....)..######
.........# ##...........#


You could see Grinder, an orc priest and an orc.

Vanquished Creatures
  An orc priest (D:2)
  Terence (D:2)
  An orc wizard (D:3)
  5 adders (D:2)
  2 worms (D:2)
  3 dart slugs
  6 orcs
  2 ball pythons (D:1)
  4 endoplasms
  2 giant cockroaches (D:1)
  5 goblins (D:1)
  3 hobgoblins (D:1)
  3 jackals (D:1)
  3 kobolds
  3 quokkas
  3 bats (D:1)
  2 frilled lizards (D:1)
  7 rats
56 creatures vanquished.

Notes
Turn   | Place    | Note
-------+----------+-------------------------------------------
     0 | D:1      | BlackLaughter the Gargoyle Fighter began the quest for the
                  | Orb.
     0 | D:1      | Reached XP level 1. HP: 14/14 MP: 1/1
   115 | D:1      | Reached XP level 2. HP: 19/19 MP: 2/2
   346 | D:1      | Reached XP level 3. HP: 24/24 MP: 3/3
   630 | D:2      | Noticed Terence
   640 | D:2      | Killed Terence
   641 | D:2      | Reached XP level 4. HP: 24/29 MP: 4/4
   682 | D:2      | Identified the +5 scimitar of Valiance {freeze, rElec Str-2
                  | Int-5 Stlth+}
   796 | D:2      | Reached skill level 1 in Dodging
   796 | D:2      | Reached XP level 5. HP: 30/33 MP: 5/5
  1210 | D:3      | Noticed Grinder
  1342 | D:2      | HP: 1/33 [Grinder (6)]
  1343 | D:2      | Slain by an orc

Illustrated notes

Levels and vault maps discovered:
D:1:      reono_arrival_forest_river, layout_rooms
D:2:      layout_rooms, kennysheep_generic_room_13, uniq_terence
D:3:      layout_rooms, serial_shops, shop, shop,
          nicolae_shop_temple_entry_statues_fountains, nicolae_shop_statue_plus,
          nicolae_shop_window_shopping, uniq_grinder

Skill      XL: |  1  2  3  4  5 |
---------------+----------------+-----
Maces & Flails | 3 |  3.9
Fighting       | 4 |  4.2
Dodging        | 1 |  1.1
Shields        | 4 |  4.0
Armour         | 4 |  4.0

Action                   |  1- 3 |  4- 6 || total
-------------------------+-------+-------++-------
Melee: Flail             |   103 |    17 ||   120
       Mace              |       |   117 ||   117
  Use: Scroll            |       |     3 ||     3
Armor: Scale mail        |    52 |    84 ||   136
Dodge: Dodged            |    51 |    57 ||   108
Block: Buckler           |    30 |    42 ||    72

Table legend: (Time is in decaauts)
 A = Elapsed time spent in this place.
 B = Non-inter-level travel time spent in this place.
 C = Inter-level travel time spent in this place.
 D = Time resting spent in this place.
 E = Time spent auto-exploring this place.
 F = Levels seen in this place.
 G = Mean time per level.
                   A        B        C        D        E       F      G
               +--------+--------+--------+--------+--------+-----+--------+
         Total |   1413 |   1358 |     55 |     89 |    786 |   3 |  471.0 |
       Dungeon |   1413 |   1358 |     55 |     89 |    786 |   3 |  471.0 |
               +--------+--------+--------+--------+--------+-----+--------+

Top non-repeatable levels by time:
     D:2: 688 daAuts
     D:1: 664 daAuts
     D:3: 60 daAuts
